 Dungeon Crawl Stone Soup version 0.30-a0-1160-g6e42c06551 (webtiles) character file.

Game seed: 18376616427056647422

1025751 vineage the Conqueror (level 27, -8/179 HPs)
             Began as a Gargoyle Fighter on Apr 26, 2023.
             Was the Champion of the Shining One.
             Killed from afar by a hellion (26 damage)
             ... with damnation
             ... in Pandemonium.
             The game lasted 02:49:12 (67845 turns).

vineage the Conqueror (Gargoyle Fighter)           Turns: 67845, Time: 02:49:12

Health: -8/179     AC: 71    Str: 36      XL:     27
Magic:  33/35      EV: 29    Int: 13 (15) God:    the Shining One [******]
Gold:   6249       SH: 60    Dex: 23 (24) Spells: 26/26 levels left

rFire   + . .        u - +9 sacred scourge (holy)
rCold   + + .        p - +12 tower shield of Qazlal's Esteem {Harm Str+3 Dex+3}
rNeg    + + +        g - +11 crystal plate armour "Likhuot" {rC+ Will++}
rPois   ∞            T - +1 helmet of Okawaru, Muttering {rC+ rN+ Regen+ Stlth+}
rElec   +            S - scarf {rC+ rF+}
rCorr   .            c - -1 pair of gloves of Inference {+Inv rElec Regen+ Dex+2}
SInv    .            P - +2 pair of boots
Will    +++++        j - amulet "Jigayhew" {Reflect Str+4 Dex+6 SH+5} Stlth
                     e - +5 ring of evasion
HPRegen 2.09/turn    Y - ring of Qeilet {Will+ Str+3 Int+6 Dex-2}
MPRegen 0.24/turn

%: harm (+30% outgoing, +20% incoming), reflection
@: divinely shielded, flying, glowing, studying 3 skills, unable to read
A: sickness immunity, AC +20, big wings, negative energy resistance 1,
electricity resistance, torment resistance 1, petrification resistance,
deterioration 1, frail 1, low MP 1, weak 1, cold vulnerability 1, inability to
read after injury 2
}: 11/15 runes: serpentine, barnacled, slimy, silver, iron, obsidian, icy, bone,
abyssal, glowing, magical
a: Renounce Religion, Evoke Invisibility, Divine Shield, Cleansing Flame, Summon
Divine Warrior


You were in Pandemonium.
You worshipped the Shining One.
The Shining One was exalted by your worship.
You visited 16 branches of the dungeon, and saw 77 of its levels.
You visited Pandemonium 1 time, and saw 4 of its levels.
You visited the Abyss 2 times.
You also visited: Trove, Sewer, Ice Cave and Wizlab.

You collected 13083 gold pieces.
You spent 6834 gold pieces at shops.

Inventory:

Hand Weapons
 u - a +9 sacred scourge of holy wrath (weapon)
 W - the +2 eveningstar "Bitoch" {freeze, rF+ Will++ Int+3 Dex-2}
   (You bought it in a shop on level 2 of the Shoals)

   Int:       It affects your intelligence (+3).
   Dex:       It affects your dexterity (-2).
   rF:        It protects you from fire.
   Will:      It greatly increases your willpower.
Missiles
 E - 2 throwing nets
Armour
 c - the -1 pair of gloves of Inference (worn) {+Inv rElec Regen+ Dex+2}
   (Okawaru gifted it to you on level 10 of the Dungeon)

   Dex:       It affects your dexterity (+2).
   rElec:     It insulates you from electricity.
   +Inv:      It lets you turn invisible.
   Regen:     It increases your rate of health regeneration.
 g - the +11 crystal plate armour "Likhuot" (worn) {rC+ Will++}
   (Okawaru gifted it to you on level 4 of the Pits of Slime)

   rC:        It protects you from cold.
   Will:      It greatly increases your willpower.
 p - the +12 tower shield of Qazlal's Esteem (worn) {Harm Str+3 Dex+3}
   (You took it off an orc on level 8 of the Dungeon)

   Str:       It affects your strength (+3).
   Dex:       It affects your dexterity (+3).
   Harm:      It increases damage dealt and taken.
 P - a +2 pair of boots (worn)
 S - a scarf of resistance (worn)
 T - the +1 helmet of Okawaru, Muttering (worn) {rC+ rN+ Regen+ Stlth+}
   (Okawaru gifted it to you on level 5 of the Vaults)

   rC:        It protects you from cold.
   rN:        It protects you from negative energy.
   Regen:     It increases your rate of health regeneration.
   Stlth:     It makes you more stealthy.
Jewellery
 e - a +5 ring of evasion (left hand)
 j - the amulet "Jigayhew" (around neck) {Reflect Str+4 Dex+6 SH+5}
   (You found it on level 3 of the Elven Halls)

   [amulet of reflection]

   It reflects blocked missile attacks.
   Str:       It affects your strength (+4).
   Dex:       It affects your dexterity (+6).
   SH:        It affects your SH (+5).
 H - an amulet of regeneration
 J - the ring of Pessimism {Will+ Str+4}
   (You found it in a wizard's laboratory)

   [ring of willpower]

   Str:       It affects your strength (+4).
   Will:      It increases your willpower.
 K - the ring "Wownad" {Will+ rCorr SInv}
   (You found it on level 3 of the Elven Halls)

   [ring of see invisible]

   SInv:      It lets you see invisible.
   rCorr:     It protects you from acid and corrosion.
   Will:      It increases your willpower.
 O - a ring of resist corrosion
 V - a +6 ring of strength
 Y - the ring of Qeilet (right hand) {Will+ Str+3 Int+6 Dex-2}
   (You found it on level 3 of the Elven Halls)

   [ring of intelligence]

   Str:       It affects your strength (+3).
   Int:       It affects your intelligence (+6).
   Dex:       It affects your dexterity (-2).
   Will:      It increases your willpower.
 Z - a +4 ring of slaying
Wands
 a - a wand of quicksilver (6)
 d - a wand of digging (9) (quivered)
 f - a wand of flame (11)
 y - a wand of mindburst (10)
 M - a wand of paralysis (7)
Scrolls
 b - 22 scrolls of teleportation
 l - 9 scrolls of amnesia
 r - 4 scrolls of fear
 v - 17 scrolls of enchant armour
 w - 4 scrolls of blinking
 A - 7 scrolls of vulnerability
 C - 20 scrolls of poison
 F - 7 scrolls of brand weapon
 G - 13 scrolls of fog
 I - 4 scrolls of magic mapping
 L - a scroll of enchant weapon
 N - 3 scrolls of silence
 X - a scroll of summoning
Potions
 h - 8 potions of heal wounds
 i - 20 potions of mutation
 k - 23 potions of curing
 m - 4 potions of cancellation
 n - 19 potions of attraction
 o - 5 potions of berserk rage
 s - 7 potions of brilliance
 x - 12 potions of might
 z - 7 potions of magic
 B - 4 potions of resistance
 D - 18 potions of lignification
 Q - 7 potions of ambrosia
 R - 10 potions of haste


   Skills:
 O Level 27 Fighting
 O Level 27 Maces & Flails
 O Level 27 Armour
 + Level 23.0 Dodging
 - Level 9.6 Stealth
 O Level 27 Shields
 + Level 24.0 Invocations


You had 26 spell levels left.
You didn't know any spells.
Your spell library contained the following spells:

 Spells                   Type           Power      Damage    Failure   Level
 Apportation              Tloc           0%         N/A       77%         1
 Beastly Appendage        Tmut           0%         N/A       77%         1
 Foxfire                  Conj/Fire      0%         2x1d4     77%         1
 Freeze                   Ice            0%         1d3       77%         1
 Magic Dart               Conj           0%         1d3       77%         1
 Necrotise                Necr           0%         1d4       77%         1
 Sandblast                Erth           0%         2d4       77%         1
 Shock                    Conj/Air       0%         1d3       77%         1
 Slow                     Hex            0%         N/A       77%         1
 Sting                    Tmut/Pois      0%         1d3       77%         1
 Summon Small Mammal      Summ           0%         N/A       77%         1
 Blink                    Tloc           0%         N/A       88%         2
 Call Imp                 Summ           0%         N/A       88%         2
 Lesser Beckoning         Tloc           0%         N/A       88%         2
 Momentum Strike          Conj/Tloc      0%         3d8       88%         2
 Passwall                 Tmut/Erth      0%         N/A       88%         2
 Scorch                   Fire           0%         2d5       88%         2
 Static Discharge         Conj/Air       0%         2-2/arc   88%         2
 Wereblood                Tmut           0%         N/A       88%         2
 Call Canine Familiar     Summ           0%         N/A       98%         3
 Confusing Touch          Hex            0%         N/A       98%         3
 Dazzling Flash           Conj/Hex       0%         N/A       98%         3
 Frozen Ramparts          Ice            0%         1d1       98%         3
 Gell's Gravitas          Tloc           0%         N/A       98%         3
 Hailstorm                Conj/Ice       0%         3d3       98%         3
 Ignite Poison            Fire/Tmut/Pois 0%         N/A       98%         3
 Inner Flame              Hex/Fire       0%         N/A       98%         3
 Mephitic Cloud           Conj/Pois/Air  0%         N/A       98%         3
 Ozocubu's Armour         Ice            0%         N/A       98%         3
 Portal Projectile        Hex/Tloc       0%         N/A       98%         3
 Spider Form              Tmut/Pois      0%         N/A       98%         3
 Stone Arrow              Conj/Erth      0%         3d7       98%         3
 Summon Guardian Golem    Hex/Summ       0%         N/A       98%         3
 Swiftness                Air            0%         N/A       98%         3
 Teleport Other           Tloc           0%         N/A       98%         3
 Vampiric Draining        Necr           0%         2d6       98%         3
 Vhi's Electric Charge    Tloc/Air       0%         N/A       98%         3
 Volatile Blastmotes      Fire/Tloc      0%         2d10      98%         3
 Airstrike                Air            0%         2d(0-16)  100%        4
 Anguish                  Hex/Necr       0%         N/A       100%        4
 Animate Armour           Summ/Erth      0%         N/A       100%        4
 Flame Wave               Conj/Fire      0%         2d4       100%        4
 Fulminant Prism          Conj/Hex       0%         3d5       100%        4
 Ice Form                 Ice/Tmut       0%         N/A       100%        4
 Iskenderun's Mystic Bla  Conj/Tloc      0%         2d3       100%        4
 Leda's Liquefaction      Hex/Erth       0%         N/A       100%        4
 Manifold Assault         Tloc           0%         N/A       100%        4
 Passage of Golubria      Tloc           0%         N/A       100%        4
 Petrify                  Tmut/Erth      0%         N/A       100%        4
 Summon Ice Beast         Ice/Summ       0%         N/A       100%        4
 Summon Lightning Spire   Summ/Air       0%         N/A       100%        4
 Agony                    Necr           0%         N/A       100%        5
 Alistair's Intoxication  Tmut/Pois      0%         N/A       100%        5
 Arcjolt                  Conj/Air       0%         1d10      100%        5
 Blade Hands              Tmut           0%         N/A       100%        5
 Freezing Cloud           Conj/Ice/Air   0%         6-21      100%        5
 Irradiate                Conj/Tmut      0%         3d11      100%        5
 Lee's Rapid Deconstruct  Erth           0%         3d4*      100%        5
 Silence                  Hex/Air        0%         N/A       100%        5
 Summon Mana Viper        Hex/Summ       0%         N/A       100%        5
 Yara's Violent Unravell  Hex/Tmut       0%         3d3       100%        5
 Dispersal                Tloc           0%         N/A       100%        6
 Iron Shot                Conj/Erth      0%         9d1       100%        6
 Plasma Beam              Fire/Air       0%         2x1d11    100%        6
 Simulacrum               Ice/Necr       0%         N/A       100%        6
 Starburst                Conj/Fire      0%         6d3       100%        6
 Summon Cactus Giant      Summ           0%         N/A       100%        6
 Dragon Form              Tmut           0%         N/A       100%        7
 Enfeeble                 Hex            0%         N/A       100%        7
 Monstrous Menagerie      Summ           0%         N/A       100%        7
 Ozocubu's Refrigeration  Ice            0%         4d7       100%        7
 Storm Form               Tmut/Air       0%         N/A       100%        7
 Disjunction              Tloc           0%         N/A       100%        8
 Lehudib's Crystal Spear  Conj/Erth      0%         10d2      100%        8
 Maxwell's Capacitive Co  Air            0%         ∞         100%        8
 Necromutation            Tmut/Necr      0%         N/A       100%        8
 Chain Lightning          Conj/Air       0%         N/A       100%        9
 Fire Storm               Conj/Fire      0%         5d1       100%        9
 Shatter                  Erth           0%         3d5*      100%        9
 Cigotuvi's Dreadful Rot  Necr/Pois/Air  Unusable   N/A       N/A         2
 Sublimation of Blood     Necr           Unusable   N/A       N/A         2
 Statue Form              Tmut/Erth      Unusable   N/A       N/A         6

Dungeon Overview and Level Annotations

Branches:
Dungeon (15/15)            Temple (1/1) D:5            Lair (5/5) D:8
 Shoals (4/4) Lair:3        Snake (4/4) Lair:3        Slime (5/5) Lair:4
    Orc (2/2) D:9             Elf (3/3) Orc:2        Vaults (5/5) D:13
  Crypt (3/3) Vaults:3       Tomb (0/3) Crypt:3      Depths (4/4) D:15
   Hell (visited)             Dis (7/7) Hell            Geh (7/7) Hell
    Coc (7/7) Hell            Tar (7/7) Hell            Zot (0/5) Depths:4
  Sewer (visited)           IceCv (visited)          WizLab (visited)

Altars:
Ashenzari
Cheibriados
Dithmenos
Elyvilon
Fedhas
Gozag
Hepliaklqana
Kikubaaqudgha
Makhleb
Nemelex Xobeh
Okawaru
Qazlal
Ru
Sif Muna
Trog
Uskayaw
Vehumet
Wu Jian
Xom
Yredelemnul
Zin
The Shining One
Jiyva
Lugonu

Shops:
D:1 !   D:5 ?!*?   D:6 :(   D:14 (   Orc:1 !   Orc:2 !=[(   Elf:1 [   Elf:2 !
Shoals:2 *[(?(   Shoals:3 :   Shoals:4 :   Snake:3 =!:[   Vaults:1 :
Vaults:4 *   Depths:2 :

Portals:
Hell: Depths:1 Depths:2 Depths:3 Depths:4
Abyss: Lair:5 Depths:3
Pandemonium: Depths:2
Ziggurat: Depths:3

Annotations:
Coc:7 exclusion: ice statue


Innate Abilities, Weirdness & Mutations

You are immune to sickness and miasma.
Your stone body is resilient. (AC +20)
You are immune to poison.
Your large and strong wings let you fly.
You resist negative energy. (rN+)
You are resistant to electric shocks. (rElec)
You are resistant to unholy torment.
You are immune to petrification.
Your body sometimes deteriorates upon taking damage.
You are frail. (-10% HP)
Your magical capacity is low. (-10% MP)
You are weak. (Str -2)
You are vulnerable to cold. (rC-)
You sometimes lose the ability to read scrolls when taking damage.


Message History

A hellion comes into view. x2
The hellion gestures at you.
The sphere of damnation explodes!
The damnation engulfs you!!
Your body deteriorates!
You feel clumsy.
A hellion comes into view.
You block the soul eater's attack.
You reach down and open the door.
You block the soul eater's attack.
Found a potion of curing.
There is an open door here.
You whack the soul eater!
The soul eater convulses!
The soul eater is heavily wounded.
You thrash the soul eater!!
You kill the soul eater!
The Shining One accepts your kill.
You feel better. The hellion gestures at you.
The sphere of damnation explodes!
The damnation engulfs you!!
You hear a loud, deep croak!
You hear a hideous shriek! x2
You hear a trumpeting!
A fire bat comes into view.
Your shield is strengthened by the Shining One's divine power.
You reach down and open the door.
A hellion comes into view.
The hellion gives a hideous shriek!
The hellion gestures at you.
The sphere of damnation explodes!
The damnation engulfs you!!
You feel threatened and lose the ability to read scrolls!
The hellion gestures at you.
The sphere of damnation explodes!
The damnation engulfs you!!
You hear a croak.
You hear a trumpeting!
The hellion gestures at you.
The sphere of damnation explodes!
The damnation engulfs you!!
* * * LOW HITPOINT WARNING * * *
Your body deteriorates!
You feel dopey. The hellion gestures at you.
The sphere of damnation explodes!
The damnation engulfs you!!
* * * LOW HITPOINT WARNING * * *
The hellion gestures at you.
The sphere of damnation explodes!
The damnation engulfs you!!
You die...

*,,,,,*+**,,,,,,,****
*,,,***,,**,,,,,**,,,
*,*****,,,**,,,**,,,,
*** *,,,,,*#+**,,,,,
**,,,,,§§,∩,,,,,,
*,,,,,§.~~~,,,,,,
###,,,.§,~~~~.≈...
#.#,,.§§≈§~~~≈≈...
##@##..§≈§§~~~≈≈≈..
#...'..≈≈≈≈,,~≈≈§§.
##...#.≈≈≈≈≈,,~≈§§≈.
#......≈≈≈22,,,≈§§§.
##....!≈≈§222,,,2≈§≈§
#.....§≈≈§222,,,∩2§≈≈
####'##≈§≈≈22,,,.2§≈≈
#....§§§§22,,.≈≈≈.
#....§§§§≈2Y~≈≈≈≈,


You could see 6 hellions.

Vanquished Creatures
  Antaeus (Coc:7)
  the Royal Jelly (Slime:5)
  Mnoleg (Pan)
  the Serpent of Hell (Hell)
  Lom Lobon (Pan)
  6 dread liches
  Dispater (Dis:7)
  3 ancient liches
  3 juggernauts (Dis:7)
  Boris (thrice) (Vaults:3 Depths:1 Depths:2)
  Sojobo (Vaults:5)
  Bai Suzhen (Vaults:5)
  Saint Roka (Depths:3)
  Margery (Vaults:3)
  18 caustic shrikes
  5 shard shrikes
  Xtahua (Vaults:5)
  Geryon (Hell)
  2 golden dragons
  4 profane servitors
  Jory (Depths:3)
  Nikola (Shoals:3)
  A mutant beast (WizLab)
  the Enchantress (Depths:2)
  32 bone dragons
  16 doom hounds
  11 Tzitzimimeh
  10 Brimstone Fiends
  5 tentacled monstrosities
  15 hellephants
  2 walking crystal tomes (Depths:3)
  10 iron giants
  16 tainted leviathans
  8 Ice Fiends
  Jorgrun (D:15)
  12 Hell Sentinels
  Rupert (D:14)
  21 searing wretches
  5 liches
  2 walking earthen tomes
  A walking divine tome (Depths:3)
  6 quicksilver dragons
  8 deep elf blademasters
  6 deep elf master archers
  26 titans
  20 acid blobs
  Frances (Shoals:1)
  Polyphemus (Shoals:3)
  24 ancient champions
  2 sphinxes (shapeshifter) (Vaults:5)
  6 sphinxes
  9 tentacled starspawn
  Roxanne (D:14)
  The ghost of wjtupper the Warrior, an adept MiHu of Okawaru (Snake:1)
  10 tengu reavers
  3 thorn hunters (Depths:2)
  Ilsuiw (Shoals:3)
  16 azure jellies
  5 shadow dragons
  6 storm dragons
  Donald (Shoals:4)
  A draconian knight (Depths:4)
  A revenant (Crypt:3)
  9 deep elf sorcerers
  6 nagarajas
  18 narguns
  15 iron dragons
  17 rockslimes
  22 fire giants
  22 vault wardens
  24 frost giants
  Aizul (Snake:1)
  Louise (Depths:3)
  6 quicksilver elementals
  6 ghouls
  28 balrugs
  2 curse skulls
  A spriggan defender (Depths:2)
  4 draconian annihilators (Pan)
  2 orc warlords
  27 stone giants
  A juggernaut zombie (Crypt:3)
  5 shard shrike simulacra
  4 deep elf elementalists (Elf:3)
  An angel (Abyss:3)
  3 cacodemons (Pan)
  9 quicksilver oozes
  37 very ugly things
  11 ironbound thunderhulks
  42 war gargoyles
  13 reapers
  A broodmother (shapeshifter) (Depths:2)
  20 vampire knights
  4 deep elf demonologists
  An ophan (Abyss:3)
  29 ironbound preservers
  13 putrid mouths
  A caustic shrike skeleton (Crypt:1)
  8 green draconians
  26 elemental wellsprings
  8 white draconians
  3 black draconians
  8 wendigos
  3 purple draconians
  11 spark wasps
  A yellow draconian (Crypt:3)
  15 deep elf annihilators
  12 dire elephants
  A minotaur (Lair:2)
  A red draconian (Depths:4)
  An acid blob zombie (Crypt:1)
  21 eidola
  7 green deaths (Pan)
  8 jiangshi
  12 deep elf death magi
  7 blizzard demons
  8 ettins
  4 merfolk javelineers
  9 fire dragons
  The ghost of yokelz the Grappler, a journeyman TrMo of Cheibriados (Orc:2)
  3 spriggan zombies
  15 yaktaur captains
  2 entropy weavers (shapeshifter) (WizLab)
  4 entropy weavers
  The ghost of Yqukorch the Carver, a journeyman DgFi (Lair:1)
  10 merfolk impalers
  The ghost of Qeegir the Severer, a journeyman HOFi of Okawaru (Lair:2)
  A crystal guardian (Vaults:3)
  4 deep elf high priests
  4 hydras
  A spectral golden dragon (Tar:1)
  2 spectral spriggans (Tar:2)
  11 great orbs of eyes
  A hell beast (Hell)
  6 ice dragons
  3 peacekeepers
  30 vault guards
  7 juggernaut simulacra
  A spriggan air mage (Depths:1)
  4 rakshasas
  2 spectral shadow dragons (Tar:1)
  2 ogre magi
  Erica (D:10)
  4 alligator snapping turtles (Shoals:4)
  7 caustic shrike simulacra
  5 merfolk avatars
  21 salamander tyrants
  8 centaur warriors
  19 ironbound frosthearts
  3 stokers
  2 spectral stone giants
  A two-headed ogre (shapeshifter) (Vaults:5)
  A catoblepas (Shoals:3)
  A fenstrider witch skeleton (Dis:1)
  3 two-headed ogres
  A death knight (Vaults:3)
  6 anacondas
  7 merfolk aquamancers
  4 boulder beetles
  14 naga warriors
  7 tengu warriors
  4 satyrs
  2 death yaks
  A boulder beetle (shapeshifter) (Depths:3)
  25 dancing weapons
  5 deep troll shamans
  26 hell hogs
  9 vampire magi
  6 deep troll earth magi
  5 thrashing horrors
  3 orc high priests
  A shock serpent (shapeshifter) (Vaults:4)
  Urug (D:10)
  40 hell knights
  A spectral dire elephant (Tar:3)
  7 spriggan berserkers
  2 spectral nagas
  36 deep elf knights
  12 shock serpents
  2 storm dragon zombies (Crypt:3)
  6 naga sharpshooters
  5 sun demons (Hell)
  2 wretched stars
  Nergalle (Lair:1)
  10 iron trolls
  A titan zombie (Crypt:3)
  14 crystal echidnas
  4 soul eaters
  5 skysharks
  Lodul (D:10)
  2 salamander mystics
  3 sixfirhies (Pan)
  Amaemon (Lair:1)
  29 skeletal warriors
  7 flayed ghosts
  3 quicksilver dragon simulacra
  17 shadow wraiths
  10 sea snakes
  3 anaconda zombies
  12 naga ritualists
  A death drake (shapeshifter) (WizLab)
  18 large abominations
  A spectral anaconda (Tar:3)
  84 deep trolls
  10 wizards
  3 golden dragon zombies (Crypt:3)
  3 glowing orange brains
  14 ironbound convokers
  10 phantasmal warriors
  17 deep elf archers
  16 necromancers
  5 spriggan simulacra
  48 harpies
  2 bog bodies
  9 lindwurms
  An orange crystal statue (IceCv)
  2 lindwurms (shapeshifter) (WizLab)
  8 orc knights
  28 deep elf zephyrmancers
  6 mana vipers
  2 harpies (shapeshifter)
  A wolf spider (D:15)
  A sphinx zombie (Crypt:3)
  A glowing shapeshifter (Depths:2)
  2 wolf spider zombies (D:12)
  34 deep elf pyromancers
  An orc sorcerer (Orc:2)
  A cyclops (shapeshifter) (WizLab)
  11 fauns
  A goliath frog skeleton (Crypt:2)
  20 salamanders
  4 shining eyes
  63 ugly things
  A cyclops (D:13)
  An iron dragon skeleton (Crypt:2)
  17 manticores
  A spectral alligator snapping turtle (Tar:1)
  37 black mambas
  2 ice statues (Coc:7)
  Joseph (D:7)
  13 molten gargoyles
  A naga zombie (Crypt:3)
  2 spectral centaurs (Tar:2)
  8 centaur zombies
  A demonic crawler (Pan)
  A black mamba (shapeshifter) (WizLab)
  19 merfolk sirens
  2 guardian serpents (shapeshifter) (WizLab)
  18 naga magi
  An apocalypse crab (Abyss:3)
  12 water nymphs
  2 titan simulacra
  5 guardian serpents
  6 rust devils
  21 smoke demons
  5 orange demons
  16 vault sentinels
  A stone giant skeleton (Dis:1)
  A human zombie (Vaults:4)
  14 hellions
  7 cane toads
  4 eyes of devastation
  4 unseen horrors
  A gargoyle (D:10)
  2 unseen horrors (shapeshifter) (WizLab)
  2 kobold demonologists (D:11)
  2 tengu conjurers (Depths:2)
  A catoblepas zombie (Crypt:3)
  A yaktaur (shapeshifter) (Elf:3)
  19 rime drakes
  15 freezing wraiths
  7 komodo dragons
  2 bunyip simulacra
  44 yaktaurs
  2 iron giant simulacra
  17 tormentors
  A silent spectre (Tar:6)
  2 yaktaur skeletons
  A spectral harpy (Tar:1)
  A minotaur skeleton (Crypt:2)
  2 elves (WizLab)
  2 harpy zombies (Crypt:3)
  2 trolls (shapeshifter)
  2 queen bees (shapeshifter) (WizLab)
  16 polar bears
  2 ancient zymes
  A red devil (Pan)
  17 merfolk
  2 hydra zombies
  2 sea snake skeletons (Hell)
  12 hellwings (Pan)
  A hornet (shapeshifter) (WizLab)
  11 trolls
  A polar bear (shapeshifter) (D:15)
  2 wind drakes (Shoals:4)
  A hydra skeleton (Crypt:1)
  A tarantella (shapeshifter) (WizLab)
  3 hornets
  2 tengu simulacra
  10 snapping turtles
  30 blink frogs
  A blink frog (shapeshifter) (D:13)
  7 dream sheep (Lair:4)
  2 harpy skeletons (Crypt:2)
  A fire dragon zombie (Crypt:1)
  A raiju (shapeshifter) (WizLab)
  An iron dragon simulacrum (Coc:6)
  A boulder beetle zombie (Crypt:1)
  5 meliai zombies (D:12)
  8 raiju
  3 flying skulls (Crypt:1)
  2 jumping spiders (shapeshifter) (WizLab)
  120 slime creatures
  A black mamba zombie (Crypt:2)
  A centaur simulacrum (Crypt:2)
  An elf zombie (Vaults:4)
  Sigmund (D:3)
  17 water elementals
  A ynoxinul (Lair:5)
  2 culicivoras (shapeshifter) (WizLab)
  2 ettin skeletons
  6 spriggans
  2 air elementals (Elf:2)
  9 shadows
  21 vampires
  A dire elephant simulacrum (Coc:1)
  33 yaks
  A slime creature (shapeshifter) (Vaults:5)
  A spriggan (shapeshifter) (WizLab)
  A wyvern (shapeshifter) (WizLab)
  10 wyverns
  3 humans (WizLab)
  3 fire elementals
  5 fire bats
  A steam dragon (D:4)
  10 wraiths
  2 humans (shapeshifter) (WizLab)
  A hog (shapeshifter) (WizLab)
  12 golden eyes
  3 yaks (shapeshifter) (WizLab)
  8 basilisks
  18 iron golems
  A naga simulacrum (Coc:2)
  5 chaos spawn
  16 vampire mosquitoes
  14 neqoxecs
  7 redbacks
  4 alligator snapping turtle simulacra
  A redback (shapeshifter) (Vaults:2)
  38 nagas
  27 small abominations
  6 wargs
  A warg (shapeshifter) (Lair:5)
  15 harpy simulacra
  A glowing shapeshifter skeleton (Crypt:2)
  A hydra simulacrum (Coc:4)
  An acid dragon (D:12)
  A swamp worm (shapeshifter) (Vaults:5)
  A naga skeleton (Crypt:2)
  13 water moccasins
  Duvessa (D:7)
  A snapping turtle zombie (Crypt:2)
  6 floating eyes
  A black bear (shapeshifter) (Depths:3)
  44 orc warriors
  2 sky beasts
  A swamp dragon zombie (Crypt:3)
  An ice beast (Coc:3)
  2 black bears
  12 centaurs
  An elephant zombie (Crypt:1)
  5 wolves
  7 ettin simulacra
  24 ogres
  A blink frog zombie (Crypt:3)
  An elephant skeleton (Crypt:1)
  26 starcursed masses
  4 kobold brigands
  2 rime drake skeletons (Crypt:3)
  11 bullfrogs
  3 necrophages
  3 earth elementals
  2 gnoll sergeants
  2 scorpions
  3 wights (D:8)
  Dowan (D:7)
  6 killer bees (D:9)
  3 electric eels
  5 howler monkeys
  A crimson imp (D:10)
  4 hounds
  22 orc priests
  2 bullfrog skeletons
  An iron imp (Abyss:2)
  A basilisk skeleton (Crypt:2)
  3 gnoll boudas
  4 iguanas
  Natasha (thrice) (D:3)
  32 orc wizards
  4 hell rats (Lair:2)
  An ogre zombie (Crypt:3)
  An ogre skeleton (Crypt:3)
  A tengu skeleton (Crypt:3)
  12 gnolls
  7 adders
  A steam dragon zombie (Crypt:2)
  2 shadow imps
  4 white imps
  An ufetubus (Abyss:3)
  A dart slug (D:2)
  137 orcs
  7 ball pythons
  5 endoplasms
  8 giant cockroaches
  10 goblins
  14 hobgoblins
  8 jackals
  24 kobolds
  9 quokkas
  4 bats
  3 frilled lizards
  A gnoll skeleton (Crypt:3)
  A hobgoblin zombie (Crypt:2)
  5 rats
  A creeping inferno (Geh:6)
  24 fire vortices
  3 starspawn tentacles
3447 creatures vanquished.

Vanquished Creatures (collateral kills)
  Asmodeus (Geh:7)
  Ereshkigal (Tar:7)
  A caustic shrike (Dis:7)
  A Tzitzimitl (Tar:7)
  A Brimstone Fiend (Geh:7)
  A tentacled monstrosity (Pan)
  An Ice Fiend (Coc:7)
  A Hell Sentinel (Dis:7)
  A titan (Crypt:3)
  Murray (Hell)
  An ancient champion (Dis:7)
  A balrug (Hell)
  4 cacodemons (Pan)
  A war gargoyle (Hell)
  4 very ugly things (Pan)
  A green draconian (Crypt:3)
  A spriggan air mage (Depths:2)
  A juggernaut simulacrum (Coc:7)
  A stoker (Geh:7)
  2 hell hogs (Hell)
  A hell knight (Hell)
  A shadow wraith (Tar:7)
  A necromancer (Hell)
  A phantasmal warrior (Crypt:3)
  An ugly thing (Pan)
  A faun (Depths:2)
  4 smoke demons (Hell)
  2 molten gargoyles (Hell)
  5 rust devils (Hell)
  An orange demon (Pan)
  A sea snake zombie (Hell)
  A tormentor (Hell)
  A tengu conjurer (Depths:2)
  A red devil (Hell)
  A hydra skeleton (Hell)
  An alligator zombie (Hell)
  4 water elementals (Coc:7)
  2 large abominations (Pan)
  A golden eye (Pan)
  A vampire (Crypt:3)
  3 neqoxecs (Pan)
  A hydra simulacrum (Hell)
63 creatures vanquished.

Vanquished Creatures (others)
  A frost giant (Coc:7)
  An iron golem (Dis:6)
  A salamander tyrant (Geh:7)
  A deep elf knight (Abyss:2)
  A quicksilver dragon simulacrum (Coc:5)
  A hell knight (Depths:1)
  3 spriggan simulacra
  A naga ritualist (Snake:3)
  3 deep elf pyromancers
  2 harpies (Shoals:3)
  A molten gargoyle (Geh:7)
  An anaconda simulacrum (Coc:5)
  An iron giant simulacrum (Coc:5)
  A snapping turtle (Shoals:3)
  A fire bat (Pan)
  A naga simulacrum (Coc:7)
  A neqoxec (Pan)
  A naga (Lair:3)
  6 ball lightnings (Pan)
  2 creeping infernos
  13 fungi
  A lurking horror (Abyss:3)
  203 plants
  16 starspawn tentacles
  8 withered plants (D:12)
272 creatures vanquished.

Grand Total: 3782 creatures vanquished

Notes
Turn   | Place    | Note
-------+----------+-------------------------------------------
     0 | D:1      | vineage the Gargoyle Fighter began the quest for the Orb.
     0 | D:1      | Reached XP level 1. HP: 14/14 MP: 1/1
    88 | D:1      | Reached XP level 2. HP: 19/19 MP: 2/2
   176 | D:1      | Found Axenweg's Distillery.
   354 | D:1      | Reached XP level 3. HP: 24/24 MP: 3/3
   604 | D:2      | Found a faded altar of an unknown god.
   890 | D:2      | Reached XP level 4. HP: 29/29 MP: 4/4
  1261 | D:3      | Noticed Sigmund
  1290 | D:3      | Killed Sigmund
  1291 | D:3      | Reached skill level 5 in Fighting
  1291 | D:3      | Reached skill level 5 in Maces & Flails
  1291 | D:3      | Reached XP level 5. HP: 9/35 MP: 5/5
  1291 | D:3      | Reached XP level 6. HP: 11/40 MP: 6/6
  1445 | D:3      | Noticed Natasha
  1458 | D:3      | Found a sacrificial altar of Ru.
  1462 | D:3      | Identified a scroll of acquirement
  1462 | D:3      | Acquired the +1 morningstar of Elubrium {venom, rN+}
  1650 | D:3      | Killed Natasha
  1658 | D:3      | Noticed Natasha
  1662 | D:3      | Killed Natasha
  1664 | D:3      | Noticed Natasha
  1671 | D:3      | Killed Natasha
  2595 | D:4      | Reached XP level 7. HP: 43/44 MP: 7/7
  2673 | D:4      | Noticed a steam dragon
  2689 | D:4      | Killed a steam dragon
  3012 | D:5      | Entered Level 5 of the Dungeon
  3040 | D:5      | Found Zevies's Distillery.
  3040 | D:5      | Found a staircase to the Ecumenical Temple.
  3056 | Temple   | Entered the Ecumenical Temple
  3138 | Temple   | Became a worshipper of Warmaster Okawaru
  3171 | D:5      | Identified the -1 cloak of the Pit {Int+2 Slay+3}
  3248 | D:5      | Found a hide-covered altar of Uskayaw.
  3267 | D:5      | Reached XP level 8. HP: 36/52 MP: 8/8
  3355 | D:5      | Identified the +1 trident of Wiluoll {freeze, rC+}
  3514 | D:5      | Found Xestiu Woso's Assorted Antiques.
  3539 | D:5      | Found Neripp's Magic Scroll Shoppe.
  3686 | D:5      | Found Genoc Litra's Magic Scroll Boutique.
  3757 | D:5      | Found a sparkling altar of Nemelex Xobeh.
  4084 | D:6      | Found Beliogya's Weapon Boutique.
  4294 | D:6      | Found a glowing drain.
  4312 | Sewer    | Entered a sewer
  4375 | Sewer    | Reached * piety under Okawaru
  4624 | D:6      | Found Votz's Book Boutique.
  4694 | D:6      | Reached XP level 9. HP: 53/59 MP: 9/9
  5040 | D:7      | Reached ** piety under Okawaru
  5101 | D:7      | Noticed Dowan
  5102 | D:7      | Noticed Duvessa
  5110 | D:7      | Killed Dowan
  5116 | D:7      | Killed Duvessa
  5117 | D:7      | Reached skill level 1 in Dodging
  5232 | D:7      | Reached skill level 1 in Invocations
  5245 | D:7      | Reached skill level 10 in Maces & Flails
  5323 | D:7      | Found a hazy altar of Hepliaklqana.
  5418 | D:7      | Found a burning altar of Makhleb.
  5471 | D:7      | Found a broken altar of Ashenzari.
  5474 | D:7      | Found a basalt altar of Yredelemnul.
  5477 | D:7      | Found a blossoming altar of Fedhas.
  5643 | D:7      | Noticed Joseph
  5657 | D:7      | Killed Joseph
  5657 | D:7      | Reached *** piety under Okawaru
  5915 | D:7      | Reached XP level 10. HP: 58/65 MP: 12/12
  6211 | D:8      | Identified the +12 tower shield of Qazlal's Esteem {Harm
                  | Str+3 Dex+3}
  6214 | D:8      | Reached skill level 5 in Armour
  6395 | D:8      | Reached **** piety under Okawaru
  6774 | D:8      | Found a shadowy altar of Dithmenos.
  6777 | D:8      | Reached skill level 5 in Shields
  6863 | D:8      | Found a staircase to the Lair.
  6879 | D:8      | Reached skill level 5 in Invocations
  7257 | D:9      | Reached ***** piety under Okawaru
  7649 | D:9      | Reached XP level 11. HP: 71/71 MP: 14/14
  8087 | D:9      | Found a staircase to the Orcish Mines.
  8201 | D:10     | Entered Level 10 of the Dungeon
  8321 | D:10     | Noticed Lodul
  8331 | D:10     | Killed Lodul
  8337 | D:10     | Identified the -1 pair of gloves of Inference {+Inv rElec
                  | Regen+ Dex+2} (Okawaru gifted it to you on level 10 of the
                  | Dungeon)
  8337 | D:10     | Received a gift from Okawaru
  8422 | D:10     | Noticed a two-headed ogre
  8426 | D:10     | Killed a two-headed ogre
  8432 | D:10     | Noticed Erica
  8439 | D:10     | Killed Erica
  8474 | D:10     | Reached skill level 10 in Fighting
  9017 | D:10     | Noticed a two-headed ogre
  9025 | D:10     | Killed a two-headed ogre
  9087 | D:10     | Noticed Urug
  9090 | D:10     | Reached XP level 12. HP: 77/77 MP: 15/15
  9107 | D:10     | Killed Urug
  9645 | D:11     | Reached skill level 5 in Dodging
  9843 | D:11     | Got Ycumith's Incunabulum of Voltaic Beckoning
  9968 | D:12     | Received a gift from Okawaru
 10415 | D:12     | Reached XP level 13. HP: 84/84 MP: 16/16
 10500 | D:12     | Identified the +4 ring mail of Satisfaction {Dex+3}
 10678 | D:12     | Received a gift from Okawaru
 11008 | Lair:1   | Entered Level 1 of the Lair of Beasts
 11223 | Lair:1   | Noticed Amaemon
 11233 | Lair:1   | Killed Amaemon
 11251 | Lair:1   | Noticed Nergalle
 11259 | Lair:1   | Killed Nergalle
 11311 | Lair:1   | Found a runed translucent door.
 11312 | Lair:1   | Noticed Yqukorch's ghost (journeyman DgFi)
 11647 | Lair:1   | Identified the +9 spear "Gigiezet" {protect, rElec rF++
                  | Dex-2}
 11737 | Lair:1   | Killed Yqukorch's ghost
 11741 | Lair:1   | Reached ****** piety under Okawaru
 12161 | Lair:2   | Found a runed translucent gate.
 12161 | Lair:2   | Found a runed translucent gate.
 12161 | Lair:2   | Found a runed translucent gate.
 12167 | Lair:2   | Noticed a minotaur
 12167 | Lair:2   | Noticed Qeegir's ghost (journeyman HOFi)
 12231 | Lair:2   | Identified the +5 scale mail "Lihirched" {-Tele +Inv rElec
                  | Dex+3} (Okawaru gifted it to you on level 2 of the Lair of
                  | Beasts)
 12231 | Lair:2   | Received a gift from Okawaru
 12817 | Lair:2   | Killed Qeegir's ghost
 12826 | Lair:2   | Killed a minotaur
 12991 | Lair:3   | Reached skill level 15 in Maces & Flails
 13000 | Lair:3   | Found a staircase to the Snake Pit.
 13100 | Lair:3   | Gained mutation: Your large and strong wings let you fly.
                  | [Gargoyle growth]
 13100 | Lair:3   | Reached XP level 14. HP: 92/92 MP: 17/17
 13111 | Lair:3   | Reached skill level 10 in Armour
 13364 | Lair:3   | Reached skill level 10 in Shields
 13389 | Lair:3   | Found a staircase to the Shoals.
 13753 | Lair:4   | Found a staircase to the Slime Pits.
 13753 | Lair:4   | Found a viscous altar of Jiyva.
 14359 | Lair:5   | Entered Level 5 of the Lair of Beasts
 14678 | Lair:5   | Received a gift from Okawaru
 15303 | Lair:5   | Received a gift from Okawaru
 15308 | Lair:5   | Found a corrupted altar of Lugonu.
 15308 | Lair:5   | Found a one-way gate to the infinite horrors of the Abyss.
 15684 | Orc:1    | Entered Level 1 of the Orcish Mines
 15822 | Orc:1    | Found Kenoy's Distillery.
 15825 | Orc:1    | Bought a potion of haste for 160 gold pieces
 15888 | Orc:2    | Entered Level 2 of the Orcish Mines
 16047 | Orc:2    | Noticed yokelz's ghost (journeyman TrMo)
 16147 | Orc:2    | Reached XP level 15. HP: 80/98 MP: 15/18
 16237 | Orc:2    | Found Leeny's Distillery.
 16242 | Orc:2    | Bought a potion of haste for 130 gold pieces
 16242 | Orc:2    | Bought a potion of haste for 130 gold pieces
 16600 | Orc:2    | Noticed an orc warlord
 16634 | Orc:2    | Killed an orc warlord
 16684 | Orc:2    | Found Archaov's Antique Armour Boutique.
 16686 | Orc:2    | Found Vesadir's Antique Weapon Shop.
 16711 | Orc:2    | Bought a masterwork cloak for 370 gold pieces
 16711 | Orc:2    | Identified the +1 cloak of Freedom {MP+9 Int+4 Stlth-} (You
                  | bought it in a shop on level 2 of the Orcish Mines)
 16750 | Orc:2    | Found a transporter.
 16753 | Orc:2    | Found a transporter.
 16767 | Orc:2    | Found a staircase to the Elven Halls.
 16905 | Orc:2    | Received a gift from Okawaru
 16925 | Orc:2    | Found Oclo Wae's Jewellery Emporium.
 17229 | Orc:2    | Killed yokelz's ghost
 17248 | Orc:2    | Identified the +10 mace of the Horn {venom, *Rage rF+ rC+
                  | Stlth+}
 17723 | D:13     | Reached skill level 1 in Stealth
 17989 | D:13     | Identified the +0 robe of Insecurity {rPois rCorr Str-3
                  | Int+6} (Okawaru gifted it to you on level 13 of the
                  | Dungeon)
 17989 | D:13     | Received a gift from Okawaru
 18024 | D:13     | Found a gate to the Vaults.
 18029 | D:13     | Identified the +3 trident of Disintegration {pain, *Rage
                  | *Noise rF+ Will++}
 18349 | D:14     | Noticed Roxanne
 18373 | D:14     | Killed Roxanne
 18493 | D:14     | Found Ymeg's Weapon Emporium.
 18724 | D:14     | Noticed Rupert
 18738 | D:14     | Killed Rupert
 18926 | D:15     | Entered Level 15 of the Dungeon
 19040 | D:15     | Reached skill level 5 in Stealth
 19158 | D:15     | Noticed Jorgrun
 19181 | D:15     | Killed Jorgrun
 19270 | D:15     | Reached XP level 16. HP: 101/105 MP: 19/19
 19481 | D:15     | Found a staircase to the Depths.
 19485 | D:15     | Identified the +1 robe "Pamn" {Will++ Dex-3} (Okawaru
                  | gifted it to you on level 15 of the Dungeon)
 19485 | D:15     | Received a gift from Okawaru
 19756 | Elf:1    | Entered Level 1 of the Elven Halls
 19987 | Shoals:1 | Entered Level 1 of the Shoals
 20352 | Shoals:1 | Noticed Frances
 20362 | Shoals:1 | Killed Frances
 20820 | Shoals:2 | Found Kaim Enu's Magic Scroll Emporium.
 20862 | Shoals:2 | Found Xead's Weapon Shoppe.
 20876 | Shoals:2 | Found Ytwoc's Armour Emporium.
 20888 | Shoals:2 | Found a frozen archway.
 20902 | IceCv    | Entered an ice cave
 21066 | IceCv    | Identified the +7 flail of Pessimism {heavy, rC+ Int-3
                  | Stlth+} (Okawaru gifted it to you in an ice cave)
 21066 | IceCv    | Received a gift from Okawaru
 21165 | IceCv    | Got Foxukh's Tome of Therianthropy and Electricity
 21350 | IceCv    | Noticed a shard shrike
 21369 | IceCv    | Killed a shard shrike
 21733 | Shoals:2 | Reached XP level 17. HP: 112/112 MP: 20/20
 21914 | Shoals:2 | Identified the +0 pair of boots "Pommatuu" {rElec} (Okawaru
                  | gifted it to you on level 2 of the Shoals)
 21914 | Shoals:2 | Received a gift from Okawaru
 22035 | Shoals:2 | Found Harheimom's Antique Weapon Boutique.
 22048 | Shoals:2 | Bought an ichor-stained eveningstar for 600 gold pieces
 22048 | Shoals:2 | Identified the +2 eveningstar "Bitoch" {freeze, rF+ Will++
                  | Int+3 Dex-2} (You bought it in a shop on level 2 of the
                  | Shoals)
 22316 | Shoals:2 | Found Ibbot's Assorted Antiques.
 22366 | Shoals:3 | Noticed Polyphemus
 22380 | Shoals:3 | Noticed Nikola
 22389 | Shoals:3 | Killed Polyphemus
 22409 | Shoals:3 | HP: 4/112 [Nikola/arc of chain lightning (62)]
 22409 | Shoals:3 | HP: 1/112 [snapping turtle (3)]
 22415 | Shoals:3 | Killed Nikola
 22418 | Shoals:3 | Noticed a walking earthen tome
 22420 | Shoals:3 | Found Qyeckalergh's Book Shop.
 22480 | Shoals:3 | Noticed a walking frostbound tome
 22639 | Shoals:3 | Noticed Ilsuiw
 22669 | Shoals:3 | Killed Ilsuiw
 22670 | Shoals:3 | Reached skill level 10 in Dodging
 23116 | Shoals:4 | Entered Level 4 of the Shoals
 23162 | Shoals:4 | Reached skill level 15 in Fighting
 23347 | Shoals:4 | HP: 3/113 [water nymph/the raging water (24)]
 23595 | Shoals:4 | Noticed Donald
 23604 | Shoals:4 | Killed Donald
 24086 | Shoals:4 | Got the Precepts of the Black Widow
 24134 | Shoals:4 | Reached XP level 18. HP: 119/119 MP: 21/21
 24205 | Shoals:4 | Found the +27 heavy crossbow "Sniper" {heavy, Acc+∞ SInv}
 24273 | Shoals:4 | Received a gift from Okawaru
 24386 | Shoals:4 | Got a barnacled rune of Zot
 24497 | Snake:1  | Entered Level 1 of the Snake Pit
 24783 | Snake:1  | Found a runed translucent door.
 24901 | Snake:1  | Noticed Aizul
 24918 | Snake:1  | Identified the +2 ring mail of Okawaru's Inspiration {-Tele
                  | rN+ Will+ rCorr} (Okawaru gifted it to you on level 1 of
                  | the Snake Pit)
 24918 | Snake:1  | Received a gift from Okawaru
 24926 | Snake:1  | Killed Aizul
 25096 | Snake:1  | Noticed wjtupper's ghost (adept MiHu)
 25148 | Snake:1  | Killed wjtupper's ghost
 26670 | Snake:3  | Found a radiant altar of Vehumet.
 26674 | Snake:3  | Found a transporter.
 26676 | Snake:3  | Identified the amulet of the Butterfly {Faith -Tele Rampage
                  | rN+++ Stlth+}
 26770 | Snake:3  | Found Esenol's Distillery.
 26775 | Snake:3  | Found Affitimi's Armour Emporium.
 26775 | Snake:3  | Found Ziogy's Jewellery Shoppe.
 26778 | Snake:3  | Found Ysi Waorgh's Book Emporium.
 26780 | Snake:3  | Bought a potion of heal wounds for 100 gold pieces
 26780 | Snake:3  | Bought a potion of heal wounds for 100 gold pieces
 27107 | Snake:3  | Received a gift from Okawaru
 27108 | Snake:3  | Reached XP level 19. HP: 125/125 MP: 23/23
 27192 | Snake:3  | Found a transporter.
 27263 | Snake:4  | Entered Level 4 of the Snake Pit
 27875 | Snake:4  | Reached skill level 15 in Armour
 28051 | Snake:4  | Reached skill level 15 in Shields
 28110 | Snake:4  | Acquired 841 gold pieces
 28170 | Snake:4  | Got a serpentine rune of Zot
 28588 | Shoals:4 | Bought a manual of Fighting for 1520 gold pieces
 29464 | Elf:1    | Found Pycoin's Antique Armour Shoppe.
 29471 | Elf:1    | Identified the +6 morningstar "Axzolem" {freeze, rF+
                  | Stlth+} (Okawaru gifted it to you on level 1 of the Elven
                  | Halls)
 29471 | Elf:1    | Received a gift from Okawaru
 29815 | Elf:1    | Got the Quarto of Kinetic Energy and the Boggart
 29962 | Elf:2    | Paralysed by an air elemental for 1 turns
 30147 | Elf:2    | Paralysed by an air elemental for 1 turns
 30154 | Elf:2    | Paralysed by an air elemental for 1 turns
 30161 | Elf:2    | Paralysed by an air elemental for 1 turns
 30268 | Elf:2    | Reached XP level 20. HP: 134/134 MP: 25/25
 30367 | Elf:2    | Found Louset's Distillery.
 30376 | Elf:2    | Bought a potion of heal wounds for 60 gold pieces
 30376 | Elf:2    | Bought a potion of might for 48 gold pieces
 30458 | Elf:2    | Found a runed translucent gate.
 30459 | Elf:2    | Found a runed translucent gate.
 30459 | Elf:2    | Found a runed translucent gate.
 30486 | Elf:2    | Identified the +1 chain mail of Hangman {rF+++ rN+ Int+2
                  | Dex-3} (Okawaru gifted it to you on level 2 of the Elven
                  | Halls)
 30486 | Elf:2    | Received a gift from Okawaru
 30928 | Elf:3    | Entered Level 3 of the Elven Halls
 31565 | Elf:3    | Noticed a Brimstone Fiend
 31574 | Elf:3    | Received a gift from Okawaru
 31602 | Elf:3    | Noticed a Brimstone Fiend
 31765 | Elf:3    | Noticed a Brimstone Fiend
 32060 | Elf:3    | Identified the ring "Wownad" {Will+ rCorr SInv}
 32063 | Elf:3    | Identified the staff of death "Yhotril" {rC+ rN+ Int+3
                  | Dex-2}
 32087 | Elf:3    | Identified the +8 rapier "Quqapoh" {freeze, rF+ Dex+3}
 32091 | Elf:3    | Identified the +1 leather armour "Merhiv" {Str+4 Stlth-}
 32105 | Elf:3    | Identified the ring of Qeilet {Will+ Str+3 Int+6 Dex-2}
 32137 | Elf:3    | Got the Tractate on Mutated Position
 32144 | Elf:3    | Identified the amulet "Jigayhew" {Reflect Str+4 Dex+6 SH+5}
 32151 | Elf:3    | Identified the staff of cold "Rorghiraics" {*Slow Fly rPois
                  | rC+ rCorr}
 32167 | Elf:3    | Identified the +7 great sword "Obodiwk" {heavy, rPois rC+}
 32756 | Vaults:1 | Entered Level 1 of the Vaults
 32762 | Vaults:1 | Gained mutation: Your spells are a little easier to cast,
                  | but a little less powerful. [potion of mutation]
 32762 | Vaults:1 | Gained mutation: You are partially covered in iridescent
                  | scales. (AC +2) [potion of mutation]
 32762 | Vaults:1 | Gained mutation: You are frail. (-10% HP) [potion of
                  | mutation]
 32763 | Vaults:1 | Lost mutation: Your spells are a little easier to cast, but
                  | a little less powerful. [potion of mutation]
 32763 | Vaults:1 | Lost mutation: You are partially covered in iridescent
                  | scales. (AC +2) [potion of mutation]
 32763 | Vaults:1 | Gained mutation: You are agile. (Dex +4, Str/Int -1)
                  | [potion of mutation]
 32763 | Vaults:1 | Gained mutation: You have hidden genetic potential. [potion
                  | of mutation]
 32763 | Vaults:1 | Gained mutation: You are strong-willed. (Will+) [potion of
                  | mutation]
 32848 | Vaults:1 | Reached XP level 21. HP: 124/127 MP: 28/28
 32963 | Vaults:1 | Received a gift from Okawaru
 33071 | Vaults:1 | Reached skill level 10 in Invocations
 33497 | Vaults:1 | Received a gift from Okawaru
 33757 | Vaults:1 | Found a portal to a secret trove of treasure.
 33894 | Vaults:1 | Identified the +11 arbalest of Brewing Terror {flame, rPois
                  | rC- Str-4 Stlth+}
 34036 | Vaults:1 | Found Fatit's Book Shop.
 34491 | Vaults:2 | Gained mutation: Your flesh is cold resistant. (rC+)
                  | [hidden potential]
 34630 | Vaults:2 | Received a gift from Okawaru
 34782 | Vaults:2 | Identified the +5 dagger "Kilaosch" {freeze, MP+9 Str+3
                  | Int+5}
 34920 | Vaults:2 | Found the +4 robe of Folly {Brill Will-∞ Int+8}
 35019 | Vaults:2 | Reached XP level 22. HP: 136/136 MP: 30/30
 35337 | Vaults:3 | Received a gift from Okawaru
 35862 | Vaults:3 | Noticed a golden dragon
 35973 | Vaults:3 | Noticed Margery
 35984 | Vaults:3 | Killed Margery
 36001 | Vaults:3 | Received a gift from Okawaru
 36303 | Vaults:3 | Found a staircase to the Crypt.
 36394 | Vaults:3 | Killed a golden dragon
 36496 | Vaults:3 | Noticed Boris
 36543 | Vaults:3 | Killed Boris
 36556 | Vaults:3 | Gained mutation: You possess an exceptional clarity of
                  | mind. [hidden potential]
 36556 | Vaults:3 | Lost mutation: You have hidden genetic potential. [hidden
                  | potential expressed]
 36822 | Vaults:4 | Received a gift from Okawaru
 37018 | Vaults:4 | Found Ida Otet's Assorted Antiques.
 37151 | Vaults:4 | Reached XP level 23. HP: 144/144 MP: 32/32
 37322 | Vaults:4 | Identified the +5 scimitar of the Nexus {drain, Dex+7}
 37500 | Vaults:4 | Identified the ring of Syhoadd {rC+ SInv}
 37750 | Vaults:4 | Received a gift from Okawaru
 38249 | Vaults:5 | Entered Level 5 of the Vaults
 38253 | Vaults:5 | Noticed a dread lich
 38358 | Vaults:5 | Noticed Xtahua
 38367 | Vaults:5 | Killed Xtahua
 38367 | Vaults:5 | Identified the +1 scimitar of the Lusting Jester {drain,
                  | rElec rF+ Int+2 Stlth-} (Okawaru gifted it to you on level
                  | 5 of the Vaults)
 38367 | Vaults:5 | Received a gift from Okawaru
 38486 | Vaults:5 | Identified the +2 robe of Zin's Envy {Regen+ Str+3 Dex+2}
 38501 | Vaults:5 | Noticed a dread lich
 38512 | Vaults:5 | Killed a dread lich
 38720 | Vaults:5 | Identified the +8 chain mail "Kattoeju" {Rampage Will+++
                  | Str-5 Dex-5} (Okawaru gifted it to you on level 5 of the
                  | Vaults)
 38720 | Vaults:5 | Received a gift from Okawaru
 38744 | Vaults:5 | Noticed Bai Suzhen
 38768 | Vaults:5 | Killed Bai Suzhen
 38782 | Vaults:5 | Noticed a dread lich
 38859 | Vaults:5 | Noticed Sojobo
 38875 | Vaults:5 | Killed Sojobo
 38876 | Vaults:5 | Reached XP level 24. HP: 117/151 MP: 32/32
 38883 | Vaults:5 | Noticed an ancient lich
 38896 | Vaults:5 | Noticed a dread lich
 38947 | Vaults:5 | Killed a dread lich
 38967 | Vaults:5 | Killed a dread lich
 39151 | Vaults:5 | Identified the ring of the Yeti {rC+ MP+9 Int+5}
 39191 | Vaults:5 | Identified the +1 helmet of Okawaru, Muttering {rC+ rN+
                  | Regen+ Stlth+} (Okawaru gifted it to you on level 5 of the
                  | Vaults)
 39191 | Vaults:5 | Received a gift from Okawaru
 39427 | Vaults:5 | Reached skill level 15 in Dodging
 39681 | Vaults:5 | Killed an ancient lich
 39929 | Vaults:5 | Killed a dread lich
 40032 | Vaults:5 | Identified the staff of cold "Biwko" {*Slow rElec rC+ rCorr
                  | Dex+7}
 40153 | Vaults:5 | Got a silver rune of Zot
 40256 | Vaults:5 | Identified the staff of fire "Ceho" {rF+ rC+ Str-3 Int+2}
 40774 | Shoals:4 | Bought a manual of Armour for 1520 gold pieces
 40774 | Shoals:4 | Bought a manual of Shields for 1520 gold pieces
 40924 | Slime:1  | Entered Level 1 of the Pits of Slime
 40924 | Slime:1  | You are sucked into a shaft and drop 1 floor!
 42344 | Slime:3  | Gained mutation: You are very frail. (-20% HP) [a shining
                  | eye]
 42348 | Slime:3  | Gained mutation: You have hidden genetic defects. [a
                  | shining eye]
 42350 | Slime:3  | Gained mutation: You are weak. (Str -2) [a shining eye]
 42796 | Slime:4  | Identified the +11 crystal plate armour "Likhuot" {rC+
                  | Will++} (Okawaru gifted it to you on level 4 of the Pits of
                  | Slime)
 42796 | Slime:4  | Received a gift from Okawaru
 43081 | Slime:5  | Entered Level 5 of the Pits of Slime
 43125 | Slime:5  | Gained mutation: Your magical capacity is low. (-10% MP)
                  | [hidden defects]
 43400 | Slime:5  | Reached XP level 25. HP: 140/140 MP: 28/29
 43484 | Slime:5  | Noticed the Royal Jelly
 43510 | Slime:5  | Killed the Royal Jelly
 43683 | Slime:5  | Identified the +9 demon trident "Jedalake" {protect, Str+2
                  | Dex+5}
 43708 | Slime:5  | Identified the +7 battleaxe of Esout {holy, rPois rC+ Dex-5
                  | Stlth+}
 43724 | Slime:5  | Identified the +1 trident of Victory {venom, rPois rF+
                  | Dex-4}
 43741 | Slime:5  | Got a slimy rune of Zot
 43742 | Slime:5  | Identified the +2 buckler "Illeboz" {Will++ Regen+ Str+2
                  | Dex-4}
 43756 | Slime:5  | Identified the +7 hand axe of Dajeq {freeze, Int+4 SInv}
 43779 | Slime:5  | Identified the +4 shortbow of Evisceration {elec, Drain
                  | rPois rCorr Int+2}
 43782 | Slime:5  | Identified the +7 plate armour of Thoughtfulness {Contam
                  | +Inv Str+6 Int+2}
 44058 | Temple   | Fell from the grace of Okawaru
 44058 | Temple   | Became a worshipper of the Shining One
 44397 | Crypt:1  | Entered Level 1 of the Crypt
 44423 | Crypt:1  | Gained mutation: Armour fits poorly on your strangely
                  | shaped body. [hidden defects]
 44423 | Crypt:1  | Lost mutation: You have hidden genetic defects. [hidden
                  | defects expressed]
 44499 | Crypt:1  | Reached * piety under the Shining One
 44864 | Crypt:1  | Reached ** piety under the Shining One
 45338 | Crypt:2  | Reached *** piety under the Shining One
 45384 | Crypt:2  | Reached **** piety under the Shining One
 45733 | Crypt:2  | Lost mutation: You are very frail. (-20% HP) [potion of
                  | mutation]
 45733 | Crypt:2  | Lost mutation: Your magical capacity is low. (-10% MP)
                  | [potion of mutation]
 45733 | Crypt:2  | Gained mutation: You are partially covered in iridescent
                  | scales. (AC +2) [potion of mutation]
 45734 | Crypt:2  | Lost mutation: You possess an exceptional clarity of mind.
                  | [potion of mutation]
 45734 | Crypt:2  | Lost mutation: You are agile. (Dex +4, Str/Int -1) [potion
                  | of mutation]
 45734 | Crypt:2  | Lost mutation: Your flesh is cold resistant. (rC+) [potion
                  | of mutation]
 45734 | Crypt:2  | Gained mutation: You have a pair of small horns on your
                  | head. [potion of mutation]
 45735 | Crypt:2  | Lost mutation: Armour fits poorly on your strangely shaped
                  | body. [potion of mutation]
 45735 | Crypt:2  | Lost mutation: You are strong-willed. (Will+) [potion of
                  | mutation]
 45735 | Crypt:2  | Gained mutation: You are strong-willed. (Will+) [potion of
                  | mutation]
 45735 | Crypt:2  | Gained mutation: Your magical capacity is low. (-10% MP)
                  | [potion of mutation]
 45736 | Crypt:2  | Lost mutation: You are strong-willed. (Will+) [potion of
                  | mutation]
 45736 | Crypt:2  | Lost mutation: You are partially covered in iridescent
                  | scales. (AC +2) [potion of mutation]
 45736 | Crypt:2  | Gained mutation: You do not regenerate when monsters are
                  | visible. [potion of mutation]
 45736 | Crypt:2  | Lost mutation: You have a pair of small horns on your head.
                  | [potion of mutation]
 45736 | Crypt:2  | Gained mutation: Your spells are a little harder to cast,
                  | but a little more powerful. [potion of mutation]
 45737 | Crypt:2  | Lost mutation: You are frail. (-10% HP) [potion of
                  | mutation]
 45737 | Crypt:2  | Lost mutation: You are weak. (Str -2) [potion of mutation]
 45737 | Crypt:2  | Lost mutation: Your magical capacity is low. (-10% MP)
                  | [potion of mutation]
 45737 | Crypt:2  | Gained mutation: You are weak. (Str -2) [potion of
                  | mutation]
 45737 | Crypt:2  | Gained mutation: You are partially covered in iridescent
                  | scales. (AC +2) [potion of mutation]
 45738 | Crypt:2  | Lost mutation: You are weak. (Str -2) [potion of mutation]
 45738 | Crypt:2  | Lost mutation: Your spells are a little harder to cast, but
                  | a little more powerful. [potion of mutation]
 45738 | Crypt:2  | Gained mutation: You are agile. (Dex +4, Str/Int -1)
                  | [potion of mutation]
 45738 | Crypt:2  | Gained mutation: You have hidden genetic potential. [potion
                  | of mutation]
 45738 | Crypt:2  | Gained mutation: You have a somewhat thin skeletal
                  | structure. (Dex +2, Stealth+) [potion of mutation]
 46403 | Crypt:3  | Entered Level 3 of the Crypt
 46408 | Crypt:3  | Reached ***** piety under the Shining One
 46735 | Crypt:3  | Reached XP level 26. HP: 182/182 MP: 32/33
 46842 | Crypt:3  | Found a staircase to the Tomb.
 46943 | Crypt:3  | Lost mutation: You do not regenerate when monsters are
                  | visible. [potion of mutation]
 46943 | Crypt:3  | Lost mutation: You have a somewhat thin skeletal structure.
                  | (Dex +2, Stealth+) [potion of mutation]
 46943 | Crypt:3  | Lost mutation: You are partially covered in iridescent
                  | scales. (AC +2) [potion of mutation]
 46943 | Crypt:3  | Gained mutation: You are frail. (-10% HP) [potion of
                  | mutation]
 46943 | Crypt:3  | Gained mutation: You are occasionally teleported next to
                  | monsters. [potion of mutation]
 46943 | Crypt:3  | Gained mutation: You have a somewhat thin skeletal
                  | structure. (Dex +2, Stealth+) [potion of mutation]
 46999 | Crypt:3  | Reached ****** piety under the Shining One
 47139 | Crypt:3  | Identified a +3 sacred scourge of holy wrath (a +1 demon
                  | whip blessed by the Shining One)
 47139 | Crypt:3  | Received a gift from the Shining One
 47303 | Abyss:2  | Cast into level 2 of the Abyss (green draconian)
 47684 | Abyss:2  | Found a corrupted altar of Lugonu.
 47745 | Abyss:2  | Gained mutation: You are very frail. (-20% HP) [a neqoxec]
 47758 | Crypt:3  | Escaped the Abyss
 47906 | Crypt:3  | Reached XP level 27. HP: 150/150 MP: 33/33
 48051 | Crypt:3  | Identified the +6 rapier of Miujedil {spect, rElec rF-
                  | Str+2 Dex+3}
 48053 | Crypt:3  | Identified the +8 flail of the Tiger {flame, rF+ rN+ rCorr
                  | Dex-3}
 48618 | Crypt:3  | Lost mutation: You are agile. (Dex +4, Str/Int -1) [potion
                  | of mutation]
 48618 | Crypt:3  | Lost mutation: You have hidden genetic potential. [potion
                  | of mutation]
 48618 | Crypt:3  | Lost mutation: You are very frail. (-20% HP) [potion of
                  | mutation]
 48618 | Crypt:3  | Gained mutation: You occasionally shout uncontrollably at
                  | your foes. [potion of mutation]
 48619 | Crypt:3  | Lost mutation: You have a somewhat thin skeletal structure.
                  | (Dex +2, Stealth+) [potion of mutation]
 48619 | Crypt:3  | Lost mutation: You occasionally shout uncontrollably at
                  | your foes. [potion of mutation]
 48619 | Crypt:3  | Lost mutation: You are occasionally teleported next to
                  | monsters. [potion of mutation]
 48619 | Crypt:3  | Lost mutation: You are frail. (-10% HP) [potion of
                  | mutation]
 48619 | Crypt:3  | Gained mutation: You possess an exceptional clarity of
                  | mind. [potion of mutation]
 49151 | D:5      | Bought a scroll of teleportation for 36 gold pieces
 49151 | D:5      | Bought a scroll of magic mapping for 90 gold pieces
 49151 | D:5      | Bought a scroll of enchant weapon for 90 gold pieces
 49383 | Shoals:2 | Bought a scroll of enchant weapon for 120 gold pieces
 49383 | Shoals:2 | Bought a scroll of magic mapping for 120 gold pieces
 49383 | Shoals:2 | Bought a scroll of blinking for 120 gold pieces
 49702 | Depths:1 | Entered Level 1 of the Depths
 49716 | Depths:1 | Noticed Boris
 49743 | Depths:1 | Killed Boris
 50032 | Depths:1 | Found an iron altar of Okawaru.
 50037 | Depths:1 | Paralysed by a floating eye for 2 turns
 50129 | Depths:1 | Reached skill level 15 in Invocations
 50181 | Depths:1 | Found a gateway to Hell.
 50599 | D:8      | Was forgiven by Okawaru
 51608 | Depths:2 | Found a one-way gate leading to the halls of Pandemonium.
 51642 | Depths:2 | Found a hazy altar of Hepliaklqana.
 51789 | Depths:2 | Found Paakhluf's Book Boutique.
 51805 | Depths:2 | Found a shimmering blue altar of Sif Muna.
 51903 | Depths:2 | Found a magical portal.
 51926 | WizLab   | Entered Cigotuvi's Fleshworks
 52261 | WizLab   | Paralysed by a floating eye for 3 turns
 52270 | WizLab   | Paralysed by a floating eye for 2 turns
 52337 | WizLab   | Paralysed by a floating eye for 2 turns
 52370 | WizLab   | Identified the ring of Pessimism {Will+ Str+4}
 52695 | WizLab   | Got Cigotuvi's Atlas of Decaying Alteration
 52891 | Depths:2 | Noticed Boris
 52896 | Depths:2 | Killed Boris
 53024 | Depths:2 | Noticed the Enchantress
 53033 | Depths:2 | Killed the Enchantress
 53046 | Depths:2 | Identified the +2 halberd "Zierus" {flame, Int+2}
 53051 | Depths:2 | Identified the +5 chain mail "Limiwyme" {rF+ Dex+2}
 53193 | Depths:2 | Identified the +1 halberd of the Revolution {holy, Drain
                  | rCorr Int+4}
 53854 | Depths:3 | Noticed Saint Roka
 53878 | Depths:3 | Killed Saint Roka
 54023 | Depths:3 | HP: 5/190 [living spell/divine providence[a walking divine
                  | tome] (20)]
 54494 | Vaults:1 | You paid a toll of +2 gold dragon scales to enter a
                  | treasure trove
 54495 | Trove    | Entered a treasure trove
 54526 | Trove    | Identified the +3 dagger of Distraction {distort, rElec}
 54527 | Trove    | Identified the +3 short sword of Jelyseaz {distort, Int+5}
 54537 | Trove    | Identified the +9 dagger of Maremp {drain, rC++ Str-3 Int+2
                  | Dex+3}
 54538 | Trove    | Identified the +5 sling of Xifiny {drain, rN+ Dex+2}
 54539 | Trove    | Identified the +7 short sword of Greed {drain, rF++}
 54866 | Depths:3 | Noticed Jory
 54892 | Depths:3 | Killed Jory
 54958 | Depths:3 | Noticed Louise
 54981 | Depths:3 | Killed Louise
 55163 | Depths:3 | Found a one-way gateway to a ziggurat.
 55193 | Depths:3 | You are sucked into a shaft and drop 1 floor!
 55193 | Depths:4 | Entered Level 4 of the Depths
 55386 | Depths:4 | Found a radiant altar of Vehumet.
 55564 | Depths:4 | Found an ornate altar of the Wu Jian Council.
 55603 | Depths:4 | Found a gate to the Realm of Zot.
 56247 | Depths:3 | Voluntarily entered the Abyss.
 56678 | Abyss:3  | Got an abyssal rune of Zot
 56703 | Depths:3 | Escaped the Abyss
 56834 | Hell     | Entered the Vestibule of Hell
 56834 | Hell     | Noticed Geryon
 56843 | Hell     | Killed Geryon
 56846 | Hell     | Noticed Murray
 56864 | Hell     | Killed Murray
 57008 | Hell     | Found a gateway to the freezing wastes of Cocytus.
 57051 | Hell     | Found a gateway to the Iron City of Dis.
 57135 | Hell     | Found a gateway to the decaying netherworld of Tartarus.
 57275 | Hell     | Found a gateway to the ashen valley of Gehenna.
 57330 | Dis:1    | Entered Level 1 of the Iron City of Dis
 57390 | Dis:1    | Noticed a dread lich
 57401 | Dis:1    | Killed a dread lich
 57768 | Dis:3    | You are sucked into a shaft and drop 3 floors!
 58097 | Dis:7    | Entered Level 7 of the Iron City of Dis
 58284 | Dis:7    | Acquired 662 gold pieces
 58992 | Dis:7    | Identified the +4 great sword "Qieschot" {antimagic, Dex+5}
 58994 | Dis:7    | Got Sif Muna's Vellum of Enchanted Algor
 58999 | Dis:7    | Identified the staff of air "Buesiagh" {rElec Int+6 SInv}
 59000 | Dis:7    | Identified the +1 robe of the Tundras {rPois Stlth+}
 59075 | Dis:7    | Noticed a juggernaut
 59086 | Dis:7    | Killed a juggernaut
 59097 | Dis:7    | Noticed a juggernaut
 59127 | Dis:7    | Killed a juggernaut
 59481 | Dis:7    | Noticed a juggernaut
 59496 | Dis:7    | Killed a juggernaut
 59801 | Dis:7    | Noticed Dispater
 59822 | Dis:7    | Killed Dispater
 59846 | Dis:7    | Got an iron rune of Zot
 59847 | Dis:7    | Identified the orb "Panumeyb" {mayhem, Dex+4}
 59852 | Dis:7    | Identified the +0 leather armour of Hairiness {+Blink
                  | Int+3}
 60300 | Geh:1    | Entered Level 1 of Gehenna
 60602 | Geh:4    | Noticed an ancient lich
 60609 | Geh:4    | Killed an ancient lich
 61182 | Geh:7    | Entered Level 7 of Gehenna
 61255 | Geh:7    | Noticed the Serpent of Hell
 61368 | Hell     | Killed the Serpent of Hell
 62279 | Geh:7    | Found the +13 sceptre of Asmodeus
 62279 | Geh:7    | Noticed Asmodeus
 62308 | Geh:7    | Killed Asmodeus
 62462 | Geh:7    | Got an obsidian rune of Zot
 62750 | Coc:1    | Entered Level 1 of Cocytus
 63240 | Coc:3    | Noticed a dread lich
 63241 | Coc:3    | You are sucked into a shaft and drop 1 floor!
 63502 | Coc:6    | Noticed a dread lich
 63512 | Coc:6    | Killed a dread lich
 63740 | Coc:7    | Entered Level 7 of Cocytus
 63759 | Coc:7    | Paralysed by a wendigo for 1 turns
 63978 | Coc:7    | Paralysed by a wendigo for 1 turns
 64194 | Coc:7    | Identified the +8 falchion of Ahil {freeze, rElec rF+}
 64261 | Coc:7    | Noticed Antaeus
 64300 | Coc:7    | Killed Antaeus
 64444 | Coc:7    | Got an icy rune of Zot
 64577 | Tar:1    | Entered Level 1 of Tartarus
 64912 | Tar:2    | Reached skill level 27 in Fighting
 65105 | Tar:3    | Found a huge runed gate.
 65105 | Tar:3    | Found a huge runed gate.
 65105 | Tar:3    | Found a huge runed gate.
 65105 | Tar:3    | Found a huge runed gate.
 65105 | Tar:3    | Found a huge runed gate.
 65105 | Tar:3    | Found a huge runed gate.
 65107 | Tar:3    | Found a huge runed gate.
 65108 | Tar:3    | Found a huge runed gate.
 65110 | Tar:3    | Found a huge runed gate.
 65110 | Tar:3    | Found a huge runed gate.
 65116 | Tar:3    | Found a huge runed gate.
 65116 | Tar:3    | Found a huge runed gate.
 65116 | Tar:3    | Found a huge runed gate.
 65116 | Tar:3    | Found a huge runed gate.
 65116 | Tar:3    | Found a huge runed gate.
 65116 | Tar:3    | Found a huge runed gate.
 65116 | Tar:3    | Found a huge runed gate.
 65119 | Tar:3    | Found a huge runed gate.
 65120 | Tar:3    | Found a huge runed gate.
 65128 | Tar:3    | Found a huge runed gate.
 65128 | Tar:3    | Found a huge runed gate.
 65128 | Tar:3    | Found a huge runed gate.
 65128 | Tar:3    | Found a huge runed gate.
 65128 | Tar:3    | Found a huge runed gate.
 65128 | Tar:3    | Found a huge runed gate.
 65129 | Tar:3    | Found a huge runed gate.
 65130 | Tar:3    | Found a huge runed gate.
 65131 | Tar:3    | Found a huge runed gate.
 65135 | Tar:3    | Reached skill level 27 in Maces & Flails
 65154 | Tar:3    | Found a huge runed gate.
 65154 | Tar:3    | Found a huge runed gate.
 65154 | Tar:3    | Found a huge runed gate.
 65154 | Tar:3    | Found a huge runed gate.
 65154 | Tar:3    | Found a huge runed gate.
 65154 | Tar:3    | Found a huge runed gate.
 65155 | Tar:3    | Found a huge runed gate.
 65156 | Tar:3    | Found a huge runed gate.
 65195 | Tar:3    | Noticed an ancient lich
 65196 | Tar:3    | Noticed a dread lich
 65271 | Tar:4    | You are sucked into a shaft and drop 2 floors!
 65299 | Tar:6    | Reached skill level 27 in Armour
 65380 | Tar:7    | Entered Level 7 of Tartarus
 65569 | Tar:7    | Reached skill level 27 in Shields
 65913 | Tar:7    | Noticed an ancient lich
 65918 | Tar:7    | Killed an ancient lich
 66045 | Tar:7    | Noticed Ereshkigal
 66059 | Tar:7    | Killed Ereshkigal
 66082 | Tar:7    | Got a bone rune of Zot
 66311 | Pan      | Entered Pandemonium
 66320 | Pan      | Entered the realm of Mnoleg.
 66331 | Pan      | Gained mutation: You are robust. (+10% HP) [a neqoxec]
 66336 | Pan      | Paralysed by a floating eye for 2 turns
 66337 | Pan      | Gained mutation: Your magical capacity is low. (-10% MP) [a
                  | neqoxec]
 66350 | Pan      | Noticed Mnoleg
 66367 | Pan      | Killed Mnoleg
 66377 | Pan      | Gained mutation: You occasionally lose the ability to read
                  | scrolls when taking damage. [a neqoxec]
 66383 | Pan      | Gained mutation: You sometimes lose the ability to read
                  | scrolls when taking damage. [a shining eye]
 66386 | Pan      | Gained mutation: You are vulnerable to cold. (rC-) [a
                  | shining eye]
 66388 | Pan      | Lost mutation: You are robust. (+10% HP) [a neqoxec]
 66390 | Pan      | Gained mutation: You are frail. (-10% HP) [a neqoxec]
 66391 | Pan      | Gained mutation: You are weak. (Str -2) [a neqoxec]
 66420 | Pan      | Lost mutation: You possess an exceptional clarity of mind.
                  | [a shining eye]
 66434 | Pan      | Gained mutation: Your body sometimes deteriorates upon
                  | taking damage. [a neqoxec]
 66593 | Pan      | Got a glowing rune of Zot
 66627 | Pan      | Entered the realm of Lom Lobon.
 66627 | Pan      | Noticed Lom Lobon
 66645 | Pan      | Killed Lom Lobon
 67545 | Pan      | Got a magical rune of Zot
 67707 | Pan      | Found an exit through the horrors of the Abyss.
 67845 | Pan      | Killed from afar by a hellion

Illustrated notes

Levels and vault maps discovered:
D:1:      erik_arrival_cave_to_civilisation [erik_arrival_cave_to_hall],
          layout_basic, serial_shops, nicolae_shop_rolling_square
D:2:      layout_basic, ebering_ecumenical_altar_box
D:3:      layout_basic, nicolae_ru_path_of_blood, minmay_misc_feat_iff,
          uniq_sigmund, uniq_natasha
D:4:      layout_loops_ring
D:5:      layout_rooms, nemelex_diamond_rough_becter,
          minmay_temple_entry_purple_smoke, serial_shops,
          nicolae_shop_pleasant_corner_grove, shop, nicolae_shop_hallway_plus,
          shop, minmay_ruined_shrine
D:6:      layout_loops_corners, gup_sewer_entry_pipe, serial_shops, shop, shop
D:7:      layout_loops_cross, mainiacjoe_overflow_24_doors,
          grunt_temple_overflow_cloverleaf, kennysheep_generic_room_10,
          uniq_joseph, uniq_duvessa
D:8:      layout_basic, grunt_dithmenos_smoke, david_lair_shrubbed, st_stairs_9
D:9:      layout_stronghold, hiddenorc1_lemuel
D:10:     minmay_bubble_buster, layout_loops_ring, minmay_fire_ice_demons,
          uniq_erica, uniq_lodul, uniq_urug
D:11:     layout_gridville
D:12:     layout_loops_ring, serial_undead, serial_undead_f, serial_undead_b,
          serial_undead_e, serial_undead_e, serial_undead_f, serial_undead_c,
          serial_undead_a, serial_undead_f, serial_undead_d, serial_undead_e
D:13:     layout_grid_maze, david_vaults_4
D:14:     layout_basic, serial_shops, nicolae_square_shop, columned_hall_lemuel,
          kennysheep_generic_room_2, uniq_rupert, uniq_roxanne
D:15:     grunt_enter_depths_snipers, layout_long_grid, uniq_jorgrun
Temple:   nicolae_temple_superstar
Lair:1:   layout_chaotic_city, ebering_ghost_funeral_grove, uniq_amaemon,
          uniq_nergalle
Lair:2:   layout_cave_pods, maelrawn_ghost_gauntlet_escape, grunt_megastairs_2
Lair:3:   layout_regular_city, nicolae_shoals_entry_roost,
          minmay_snake_entry_guardpost_medium, nicolae_lair_grove_arrangements
Lair:4:   layout_loops_ring, slime_entry_1, serial_bayou, serial_bayou_pond_b,
          serial_bayou_pond_e, serial_bayou_pond_e, serial_bayou_ford_a,
          st_stairs_9
Lair:5:   hellmonk_lair_end_abyssal_woods, layout_regular_city
Shoals:1: layout_shoals, uniq_frances
Shoals:2: layout_shoals, portal_ice_cave_entry_pillars_1, serial_shops,
          nicolae_shop_back_alley_shop, shop, nicolae_shop_window_shopping,
          nicolae_shop_waterfront, nicolae_shop_trees, nicolae_splish_splash
Shoals:3: layout_shoals, serial_shops, nicolae_shop_mannequins, uniq_ilsuiw,
          uniq_polyphemus, uniq_nikola
Shoals:4: shoals_end_simple, layout_shoals, nicolae_shop_self_help, uniq_donald
Snake:1:  layout_rooms, ebering_ghost_reflecting_pool, beargit_elvish_explorers,
          uniq_aizul
Snake:2:  layout_grid_maze
Snake:3:  gammafunk_sealed_library, layout_gridlike, minmay_shoptagon,
          serial_bayou_shore_a
Snake:4:  hellmonk_snake_rune_quicksilver_temple, layout_onion, special_room
Slime:1:  layout_caves, nicolae_slime_barrier
Slime:2:  layout_caves
Slime:3:  layout_caves
Slime:4:  layout_caves
Slime:5
Orc:1:    layout_caves, serial_shops, nicolae_shop_behind_doors
Orc:2:    grunt_orc_community_town_hall, layout_caves,
          grunt_orc_community_big_house_2, grunt_orc_community_big_house_2,
          grunt_orc_community_house_3, grunt_orc_community_house_1,
          grunt_orc_community_house_3, grunt_orc_community_house_2,
          grunt_orc_community_house_1, gammafunk_ghost_arena,
          lightli_orcish_oven
Elf:1:    layout_onion_city, serial_shops, shop, minmay_elf_sorcery,
          lemuel_flamethrower_3
Elf:2:    nicolae_elf_blades_crystal_corner, layout_rooms, serial_shops, shop,
          lemuel_elevator
Elf:3:    minmay_elf_hall_four_x, layout_loops_corners
Vaults:1: v_misc_25, nicolae_vaults_yaktaur_gun_rack, v_pattern_3,
          nicolae_vaults_triangles, nicolae_vaults_shipping_containers_2,
          ontoclasm_vaults_ring_square, nicolae_vaults_two_Ls,
          vaults_room_grunt_arrival_ludios, nicolae_vaults_tetromino_L_2,
          v_rooms_5, hangedman_vaults_pinch, v_misc_13, layout_vaults_omnibox,
          serial_shops, nicolae_shop_just_a_little_nook, enter_trove_6
Vaults:2: hangedman_vaults_locks, hangedman_vaults_corner_blocks,
          nicolae_vaults_more_shelving_2, v_misc_33,
          nicolae_vaults_door_testing_chamber, nicolae_vaults_sightless_eye,
          nicolae_vaults_wrenched, nicolae_vaults_trapezoid_lopsided_1,
          nicolae_vaults_shipping_containers_6, vaults_room_stairs_pillars,
          nicolae_vaults_big_angled_halls, nicolae_vaults_house_1,
          layout_vaults_ring
Vaults:3: vaults_standard_mumra_lines, st_diamondy, nicolae_vaults_meiosis,
          v_alt_pattern_6, minmay_crypt_entry_simple_round, v_rooms_2,
          grunt_vaults_funnel, hangedman_vaults_stream, nicolae_vaults_theta,
          nicolae_vaults_tetromino_L_2, layout_vaults_big_cross, uniq_boris,
          uniq_margery
Vaults:4: nicolae_vaults_corpse_flower, nicolae_vaults_network_periphery,
          hangedman_vaults_trim, nicolae_vaults_cornered_office,
          nicolae_vaults_variable_pillar_hall_cross,
          nicolae_vaults_border_crossing, v_pattern_5, grunt_vaults_diagonal,
          ontoclasm_vaults_pinch, layout_vaults_omnigrid, serial_shops, shop
Vaults:5: uniq_bai_suzhen, uniq_sojobo, uniq_xtahua
Crypt:1:  layout_chaotic_city, serial_co_window_serial,
          co_window_of_opportunity_a, co_window_of_opportunity_a,
          co_window_cross_1, co_window_corner_a, co_window_paths_a,
          co_window_of_opportunity_a, co_window_corner_a,
          co_window_of_opportunity_b, co_window_corner_b, co_window_corner_ca,
          co_window_unsneaky_path_b, co_window_of_opportunity_b,
          co_window_of_opportunity_b, co_window_2corner, co_window_paths_e,
          glass_columns_a, glass_columns_c, glass_columns_a
Crypt:2:  layout_misc_corridors
Crypt:3:  due_elkab, layout_chaotic_city, nicolae_tomb_entry_rubble_hallway,
          minmay_misc_feat_alley, st_stairs_1, corexii_hall_statues_l
Depths:1: layout_gridville, hell_entry, okawaru_ov_weapons_minmay,
          grunt_megastairs_5, roderic_lattice_octagonal_star
Depths:2: grunt_forest_end_winery, layout_long_grid,
          infiniplex_enter_wizlab_water, pan_entry, hell_entry,
          nicolae_hepliaklqana_hazy_memory, serial_shops,
          nicolae_shop_tiny_glass, st_stairs_5, minmay_misc_feat_roman,
          led_sif_pool
Depths:3: minmay_octo_star, layout_gridlike, enter_ziggurat_c,
          nicolae_abyss_entry_one_way_or_another, grunt_metal_band,
          nicolae_kite_square_tiling_tiny, interstate_on_off, uniq_saint_roka,
          uniq_jory
Depths:4: grunt_twist_and_shout, layout_gridlike, hell_entry,
          nzn_wu_jian_council_hall, minmay_misc_feat_five, grunt_ministairs_10,
          library_closet, hellmonk_bongcloud_opening, vehumet_crystals
Hell
Dis:1:    layout_gridville, special_room [special_room_morgue],
          nicolae_dis_scattering
Dis:2:    layout_subdivisions, nicolae_dis_step_into_the_octagon
Dis:3:    kennysheep_iron_temple, layout_gridville
Dis:6:    nicolae_dis_pentagon_1, layout_gridville, lemuel_dis_dragons
Dis:7:    dis_grunt_layers
Geh:1:    layout_gehenna_lava_caves
Geh:2:    layout_gehenna_pools_box
Geh:3:    layout_gehenna_pools_triple, lemuel_old_faithful
Geh:4:    layout_gehenna_pools_box, nicolae_geh_gnashing_of_teeth
Geh:5:    layout_gehenna_lava_caves, nicolae_hells_seeping_fissure
Geh:6:    layout_gehenna_lava_caves
Geh:7:    geh_hangedman
Coc:1:    layout_ice_bergs
Coc:2:    layout_cocytus_water_paths
Coc:3:    layout_ice_bergs, serial_ice, serial_ice_g
Coc:4:    layout_cocytus_water_paths
Coc:5:    layout_cocytus_water_paths
Coc:6:    layout_cocytus_water_paths
Coc:7:    coc_mu
Tar:1:    layout_cathedral_of_symmetry
Tar:2:    layout_honeycomb, nicolae_tar_cuneiform_oil
Tar:3:    layout_grid_maze, door_vault
Tar:4:    layout_grid_maze, nicolae_tar_windowcombs
Tar:6:    layout_honeycomb
Tar:7:    tar_grunt_cathedral
Pan:      evilmike_mini_pan_corridor, layout_pan_divisions_b
          [pan_division_quadrant_b6, pan_division_quadrant_b5,
          pan_division_quadrant_b2, pan_division_quadrant_b1],
          pan_blood_fountain, mnoleg_grunt_wretched_star, layout_irregular_city,
          lom_lobon_spiral_st, layout_small_grid, lemuel_hellion_island,
          layout_pan_divisions_b [pan_division_quadrant_b1,
          pan_division_quadrant_b4, pan_division_quadrant_b3,
          pan_division_quadrant_b3]

Skill      XL: |  1  2  3  4  5  6  7  8  9 10 11 12 13 14 15 16 17 18 19 20 21 22 23 24 25 26 27 |
---------------+----------------------------------------------------------------------------------+-----
Maces & Flails | 3 5 6 7 9 10 11 12 13 15 16 17 18 19 20 21 22 23 27 | 27.0
Fighting       | 4 5 6 7 8 9 10 11 12 13 14 15 16 17 18 20 21 22 23 27 | 27.0
Dodging        | 2 3 4 5 6 8 9 10 11 12 13 14 15 16 23 | 23.0
Invocations    | 3 5 7 9 11 12 14 24 | 24.0
Armour         | 4 5 7 8 9 11 12 13 14 15 16 17 18 19 20 21 27 | 27.0
Shields        | 4 5 7 8 9 10 11 12 13 14 15 16 17 18 20 21 27 | 27.0
Stealth        | 5 9 |  9.6

Action                     |  1- 3 |  4- 6 |  7- 9 | 10-12 | 13-15 | 16-18 | 19-21 | 22-24 | 25-27 || total
---------------------------+-------+-------+-------+-------+-------+-------+-------+-------+-------++-------
  Melee: Flail             |   111 |    84 |       |       |       |       |       |       |       ||   195
         Morningstar       |       |    86 |   250 |   614 |  1191 |   378 |       |       |       ||  2519
         Eveningstar       |       |       |       |       |       |   846 |  1370 |  1587 |  1196 ||  4999
         Sacred scourge    |       |       |       |       |       |       |       |       |  4512 ||  4512
 Invoke: Heroism           |       |       |       |     4 |    12 |    12 |     7 |    18 |     1 ||    54
         Finesse           |       |       |       |       |       |       |       |     1 |     1 ||     2
         Cleansing Flame   |       |       |       |       |       |       |       |       |    17 ||    17
         Divine Shield     |       |       |       |       |       |       |       |       |    35 ||    35
         Summon Divine War |       |       |       |       |       |       |       |       |    25 ||    25
         Brand Weapon With |       |       |       |       |       |       |       |       |     1 ||     1
  Evoke: Wand              |       |       |       |       |       |       |       |       |     6 ||     6
    Use: Scroll            |     4 |     3 |    11 |     5 |     4 |     4 |     3 |    11 |    15 ||    60
         Potion            |       |     2 |     1 |       |     2 |     6 |     2 |     4 |    28 ||    45
   Stab: Petrified         |       |       |       |       |       |     4 |       |       |       ||     4
         Petrifying        |       |       |       |       |       |     1 |       |       |       ||     1
         Distracted        |       |       |       |       |       |       |       |     2 |       ||     2
         Held in net/web   |       |       |       |       |       |       |       |     2 |       ||     2
         Sleeping          |       |       |       |       |       |       |       |     1 |       ||     1
 Armour: Scale mail        |    43 |    73 |    44 |       |       |       |       |       |       ||   160
         Plate armour      |       |       |    71 |   249 |   248 |   244 |   189 |   209 |   221 ||  1431
         Crystal plate arm |       |       |       |       |       |       |       |       |   609 ||   609
  Dodge: Dodged            |    56 |   182 |   149 |   174 |   233 |   377 |   331 |   532 |  1351 ||  3385
  Block: Buckler           |    21 |    61 |    76 |    19 |       |       |       |       |       ||   177
         Tower shield      |       |       |       |   795 |  1542 |  1827 |  1812 |  2167 |  6697 || 14840
         Reflection        |       |       |       |       |    36 |   120 |   223 |   109 |   232 ||   720

Table legend: (Time is in decaauts)
 A = Elapsed time spent in this place.
 B = Non-inter-level travel time spent in this place.
 C = Inter-level travel time spent in this place.
 D = Time resting spent in this place.
 E = Time spent auto-exploring this place.
 F = Levels seen in this place.
 G = Mean time per level.
                   A        B        C        D        E       F      G
               +--------+--------+--------+--------+--------+-----+--------+
         Total |  64593 |  54446 |  10147 |   1544 |  34579 |  88 |  734.0 |
       Dungeon |  15778 |  12576 |   3202 |    317 |   9257 |  15 | 1051.9 |
        Temple |    111 |     77 |     34 |      0 |     61 |   1 |  111.0 |
          Lair |   5339 |   4255 |   1084 |     58 |   3331 |   5 | 1067.8 |
        Shoals |   4093 |   3462 |    631 |    150 |   2337 |   4 | 1023.2 |
     Snake Pit |   3847 |   3567 |    280 |      0 |   2530 |   4 |  961.8 |
    Slime Pits |   2134 |   1797 |    337 |    145 |    979 |   5 |  426.8 |
  Orcish Mines |   1748 |   1447 |    301 |      0 |    940 |   2 |  874.0 |
   Elven Halls |   3922 |   3386 |    536 |    233 |   2111 |   3 | 1307.3 |
        Vaults |   7710 |   6765 |    945 |    161 |   4313 |   5 | 1542.0 |
         Crypt |   3715 |   3500 |    215 |    213 |   2220 |   3 | 1238.3 |
        Depths |   4284 |   3660 |    624 |     46 |   2456 |   4 | 1071.0 |
          Hell |    694 |    525 |    169 |     64 |    250 |   1 |  694.0 |
           Dis |   2362 |   2031 |    331 |     40 |    895 |   5 |  472.4 |
       Gehenna |   2003 |   1410 |    593 |     90 |    484 |   7 |  286.1 |
       Cocytus |   1524 |   1217 |    307 |      0 |    578 |   7 |  217.7 |
      Tartarus |   1410 |    859 |    551 |      5 |    303 |   6 |  235.0 |
         Abyss |    820 |    820 |      0 |      0 |    209 |   3 |  273.3 |
   Pandemonium |   1391 |   1391 |      0 |     22 |    461 |   4 |  347.8 |
         Trove |     68 |     68 |      0 |      0 |      0 |   1 |   68.0 |
         Sewer |    139 |    139 |      0 |      0 |     81 |   1 |  139.0 |
      Ice Cave |    748 |    748 |      0 |      0 |    474 |   1 |  748.0 |
        Wizlab |    744 |    744 |      0 |      0 |    308 |   1 |  744.0 |
               +--------+--------+--------+--------+--------+-----+--------+

Top non-repeatable levels by time:
     D:8: 1978 daAuts
Vaults:5: 1891 daAuts
   Elf:3: 1856 daAuts
   Dis:7: 1828 daAuts
 Crypt:3: 1745 daAuts
     D:9: 1602 daAuts
Vaults:1: 1593 daAuts
Vaults:3: 1478 daAuts
Vaults:4: 1457 daAuts
   Orc:2: 1403 daAuts
Shoals:4: 1389 daAuts
  Lair:2: 1331 daAuts
    D:13: 1323 daAuts
Vaults:2: 1289 daAuts
 Snake:2: 1252 daAuts
